caesar, neutral male human Barbarian ---- ---- |..| |..---- |..| --.*)|.| ---.-- |......| |...| .| |....--- ---.--- -.| --....| --...| |.| --.....-- |..--- |<| --.......---...-- |.-- ......).....)....| --..-- .......III-----..-- |....||.......II.I| ---- |...-- -......I|.-- --..----......---- --)......|.- - |....-----. |...-- ----- caesar the Pillager Experience level: 5 Strength: 18/01 Dexterity: 16 Constitution: 18 Intelligence: 7 Wisdom: 10 Charisma: 6 Health: 0(64) Energy: 10(10) Def: 6 Gold: 80 Moves: 1759 Dungeon seed: -BUuNvl_23JXKZs- Game ID: caesar_1523529906 Your Inventory: Coins $ - 80 gold pieces Weapons a - a +0 two-handed sword (weapon in hands) b - a +0 axe (alternate weapon; not wielded) Armor e - an uncursed +0 ring mail (being worn) n - an uncursed +2 orcish helm (being worn) q - a blessed +0 pair of high boots r - an uncursed +0 dwarvish cloak v - an uncursed +0 dwarvish cloak w - a blessed +1 pair of iron shoes y - an uncursed +0 dwarvish cloak z - a blessed +1 pair of iron shoes N - an uncursed +0 dwarvish cloak Y - an uncursed +0 pair of iron shoes Scrolls g - a blessed scroll of identify k - an uncursed scroll of confuse monster o - an uncursed scroll of enchant armor Spellbooks d - an uncursed spellbook of magic mapping Potions h - an uncursed potion of invisibility p - an uncursed potion of water Tools i - an uncursed brass lantern (lit) (0:1231) m - 7 uncursed wax candles (0:400) s - an uncursed pair of lenses u - a bag of tricks (0:4) x - an uncursed tallow candle (0:200) Spells and supernatural/magical abilities: Name Level Category Fail Memory W - pray for help -- divine ? -- Your skills at the end: Fighting Skills bare handed combat [Basic] Weapon Skills axe [Basic] two-handed sword [Basic] Spellcasting Skills Final Attributes: You were piously aligned. You were poison resistant. You were blinded. You are dead. Vanquished creatures: a shrieker 3 gnome lords a gnomish wizard 5 dwarves a homunculus a giant bat a hobbit a giant rat 10 gnomes 2 garter snakes a gecko 4 jackals a kobold 2 goblins 2 sewer rats 4 grid bugs a kobold zombie 7 newts 48 creatures vanquished. Voluntary challenges: You used a wielded weapon 44 times, starting on turn 44. You were illiterate. You never genocided any monsters. You never polymorphed an object. You never changed form. You used no wishes. You never split a pudding. You never wrote Elbereth's name. You never violated your personal moral code. Dungeon overview: The Dungeons of Doom: levels 1 to 4 Level 1 an altar to Crom a long staircase Level 2 a general store, a fountain Level 3 a sink stairs to The Gnomish Mines Level 4 The Gnomish Mines: levels 4 to 5 Level 4 stairs to The Dungeons of Doom Level 5 <- You were here History has recorded: On T:1 you entered the Dungeons of Doom to retrieve the Amulet of Yendor! On T:79 you reached level 2 of The Dungeons of Doom. On T:581 you reached level 3 of The Dungeons of Doom. On T:681 you advanced to experience level 2. On T:980 you advanced to experience level 3. On T:986 you reached level 4 of The Dungeons of Doom. On T:1231 you reached level 1 of The Gnomish Mines. On T:1356 you advanced to experience level 4. On T:1662 you reached level 2 of The Gnomish Mines. On T:1675 you advanced to experience level 5. Score breakdown: Gold: 80 ( 6492 points) Experience: 5 levels (11141 points) Exploration: 5 levels ( 10.20%) ( 8660 points) Discoveries: 1 item ( 0.41%) ( 1912 points) Valuables value: (no points given unless you survive) Artifact value: 0 ( 0 points) Variety of kills: 18 monsters ( 4.72%) ( 6520 points) Turncount: 1759 turns ( 0 points) Survival: died (score multiplied by 80%) Total score: 27780 Latest messages: It misses. It hits! It just misses! Wait! There's something there you can't see! It hits! It just misses! It misses. It hits! It misses. You kill it! It misses. It stings! It hits! It stings! You attack thin air. It misses. (2x) It hits! You suddenly fall asleep! It hits! It stings! You die... Final status: Goodbye caesar the Barbarian, killed by a killer bee, while sleeping... You died in The Gnomish Mines on dungeon level 5 with 27780 points, and 80 pieces of gold, after 1759 moves. You were level 5 with a maximum of 64 hit points when you died.